AoeStats
← Xtreme | ticohzao

African Clearing

505341084Analyzed
4v4 RM · 24d ago on Sep 8, 2026· 47m 14s· 8 players
Game mode
Random Map
Map size
Large (8 player)
Population
200
Speed
Normal
Resources
Standard
Victory
Conquest
Starting age
Dark Age
Ending age
Imperial Age
RankedLock teamsTeams togetherTeam positionsShared explorationLock speedFull tech treeHidden civsTurbo modeCheats
Victory
Defeat
🇦🇷 Italians · Argentina
1570
+10
🇨🇱 Mongols · Chile
1475
+14
🇨🇱 Spanish · Chile
1446
+15
🇨🇱 Mapuche · Chile
1371
+18
🇦🇷 Malians · Argentina
1444
-15
🇧🇷 Persians · Brazil
1439
-15
🇧🇷 Huns · Brazil
1414
-14
🇦🇷 Magyars · Argentina
1395
-13
The Goat
10:30 Loom
13:50 Feudal Age
15:16 Double-Bit Axe
16:50 Horse Collar
19:05 Fletching
21:44 Padded Archer Armor
27:26 Castle Age
27:25 Bloodlines
30:01 Bow Saw
29:51 Heavy Plow
31:59 Wheelbarrow
31:10 Town Watch
35:20 Gold Mining
35:32 Bodkin Arrow
38:49 Imperial Age
36:36 Crossbowman
37:34 Leather Archer Armor
37:46 Thumb Ring
39:34 Bracer
40:43 Chemistry
40:15 Ballistics
41:25 Arbalester
43:41 Ring Archer Armor
Xtreme | ticohzao
3:25 Loom
12:49 Feudal Age
14:21 Double-Bit Axe
18:18 Castle Age
17:09 Gold Mining
19:05 Scale Barding Armor
20:21 Husbandry
21:19 Chain Barding Armor
26:49 Town Watch
27:34 Bloodlines
29:24 Fletching
29:45 Forging
29:49 Horse Collar
30:58 Wheelbarrow
30:57 Bow Saw
31:38 Stone Mining
38:15 Imperial Age
38:44 Iron Casting
39:06 Hand Cart
38:48 Cavalier
40:56 Plate Barding Armor
42:32 Conscription
44:28 Blast Furnace
TEN PIEDAD
4:29 Loom
13:25 Feudal Age
13:52 Double-Bit Axe
19:02 Horse Collar
19:12 Gold Mining
23:25 Castle Age
21:45 Forging
21:48 Bloodlines
22:06 Scale Barding Armor
22:18 Stone Mining
24:27 Husbandry
26:11 Chain Barding Armor
33:44 Squires
38:02 Wheelbarrow
37:16 Town Watch
38:38 Scale Mail Armor
42:28 Imperial Age
41:14 Chain Mail Armor
41:09 Heavy Plow
43:16 Iron Casting
42:54 Onager
Kuroko
3:15 Loom
14:07 Feudal Age
16:00 Double-Bit Axe
18:43 Fletching
19:23 Padded Archer Armor
21:38 Castle Age
21:46 Crossbowman
22:03 Crossbowman
23:27 Bodkin Arrow
31:56 Ballistics
35:05 Elite Skirmisher
36:20 Leather Archer Armor
AiM | sAREMS;
13:33 Feudal Age
16:59 Castle Age
16:56 Loom
17:21 Double-Bit Axe
17:48 Gold Mining
18:59 Bow Saw
24:21 Bloodlines
24:49 Horse Collar
25:28 Husbandry
27:14 Padded Archer Armor
28:31 Fletching
36:18 Leather Archer Armor
41:42 Imperial Age
39:35 Fortified Wall
41:19 Masonry
41:51 Elite Conquistador
43:09 Ring Archer Armor
45:49 Conscription
Cannoli
5:35 Loom
12:49 Feudal Age
16:41 Castle Age
14:28 Double-Bit Axe
17:38 Bow Saw
18:05 Horse Collar
19:53 Heavy Plow
20:33 Wheelbarrow
19:45 Town Watch
24:39 Fletching
25:24 Bodkin Arrow
25:55 Gold Mining
27:08 Hand Cart
27:54 Stone Mining
28:55 Padded Archer Armor
31:38 Imperial Age
29:18 Padded Archer Armor
30:25 Leather Archer Armor
30:01 Stone Mining
32:01 Thumb Ring
32:45 Stone Shaft Mining
32:20 Bracer
33:22 Chemistry
33:06 Ring Archer Armor
33:34 Conscription
33:58 Ballistics
35:08 Scale Barding Armor
35:13 Forging
35:18 Masonry
36:05 Hoardings
37:08 Two-Man Saw
36:21 Elite Genoese Crossbowman
37:41 Architecture
37:17 Husbandry
38:18 Iron Casting
37:42 Light Cavalry
39:41 Hoardings
40:00 Chain Barding Armor
40:18 Crop Rotation
39:57 Treadmill Crane
41:32 Blast Furnace
41:27 Bloodlines
42:08 Plate Barding Armor
41:35 Hussar
AiM | Walter Quiver
9:06 Loom
11:03 Feudal Age
14:41 Fletching
18:28 Horse Collar
25:35 Wheelbarrow
29:11 Castle Age
30:02 Bodkin Arrow
35:06 Crossbowman
41:10 Double-Bit Axe
42:38 Ballistics
44:51 Double-Bit Axe
46:39 Padded Archer Armor
AgeOfFentanil0
4:53 Loom
17:13 Feudal Age
19:26 Double-Bit Axe
21:31 Horse Collar
23:32 Wheelbarrow
23:05 Gold Mining
24:39 Town Watch
28:01 Castle Age
30:23 Hand Cart
30:47 Padded Archer Armor
30:37 Fletching
32:50 Bow Saw
36:57 Imperial Age
34:56 Bodkin Arrow
36:05 Leather Archer Armor
39:04 Ballistics
39:38 Elite Bolas Rider
41:36 Ring Archer Armor
42:05 Gold Shaft Mining
41:31 Heavy Plow
Connection lost

Rejoining the realm…

Still unreachable

The connection could not be restored.

Session expired

The server has moved on; the page needs a fresh start.